 Dungeon Crawl Stone Soup version bcrawl-1.19.2-6-g6a88ae04c9 (webtiles) character file.

Game seed: 15843769182798678304

1158 MisterOstroum the Sneak (level 8, 48/48 HPs)
             Began as a Mana Stalker Rogue on Dec 23, 2019.
             Was an Initiate of Dithmenos.
             Quit the game on level 5 of the Dungeon.
             The game lasted 00:19:12 (5082 turns).

MisterOstroum the Sneak (Mana Stalker Rogue)        Turns: 5082, Time: 00:19:13

Health: 48/48      AC:  6    Str: 16    XL:     8   Next: 39%
Magic:  11/11      EV: 14    Int: 11    God:    Dithmenos [......]
Gold:   329        SH:  0    Dex: 16    Spells: 7/7 levels left

rFire    . . .     SeeInvis .   a - +2 dagger
rCold    . . .     Gourm    .   (no shield)
rNeg     . . .     Faith    .   r - +0 leather armour
rPois    +         Spirit   .   (no helmet)
rElec    .         Reflect  .   d - +2 cloak
rCorr    .         Harm     .   (no gloves)
MR       ++...                  (no boots)
Stlth    ++++......             D - amulet of the acrobat
HPRegen  0.56/turn              n - ring of poison resistance
MPRegen  0.12/turn              I - ring of protection from magic

@: no status effects
A: fangs 3, magic resistance 1, regeneration 1, antimagic bite, no potion heal
3, rot immunity, strong jaws
a: Renounce Religion


You were on level 5 of the Dungeon.
You worshipped Dithmenos.
Dithmenos was noncommittal.
You were not hungry.

You visited 2 branches of the dungeon, and saw 6 of its levels.
You also visited: Sewer.

You collected 329 gold pieces.

Inventory:

Hand Weapons
 a - a +2 dagger (weapon)
 b - a +0 blowgun
 c - a +0 shortbow
 E - a +1 dagger of draining
Missiles
 h - 139 poisoned needles
 m - 717 stones (quivered)
 x - 520 sling bullets
 H - 174 arrows
Armour
 d - a +2 cloak (worn)
 r - a +0 leather armour (worn)
 G - a +0 robe
Jewellery
 n - a ring of poison resistance (left hand)
 v - a +2 ring of dexterity
 w - an uncursed amulet of faith
 D - an amulet of the acrobat (around neck)
 I - a ring of protection from magic (right hand)
Wands
 f - a wand of flame (2)
 g - a wand of enslavement (12)
Scrolls
 k - 4 scrolls of teleportation {@r3 !r}
 l - a scroll of enchant armour
 o - a scroll of fear {!r}
 q - 3 scrolls of blinking {unknown}
 t - 2 scrolls of fog {unknown}
 u - a scroll of noise {unknown}
 y - 3 scrolls of magic mapping {unknown}
 F - 2 scrolls of remove curse
 J - a scroll of enchant weapon {unknown}
Potions
 i - 3 potions of curing
 j - 3 potions of degeneration {unknown}
 p - 2 potions of brilliance {unknown}
 s - 5 potions of heal wounds {unknown}
 z - a potion of lignification {unknown}
 B - 5 potions of magic {unknown}
 C - 2 potions of might
Comestibles
 e - 10 rations {!d}
 A - 3 chunks of flesh


   Skills:
 * Level 4.3 Fighting
 * Level 5.1 Short Blades
 + Level 4.1 Dodging
 + Level 7.8 Stealth
 + Level 3.6 Evocations


You had 7 spell levels left.
You didn't know any spells.
Your spell library was empty.

Dungeon Overview and Level Annotations

Branches:
Dungeon (5/12)             Temple (1/1) D:4

Altars:
Ashenzari
Cheibriados
Dithmenos
Elyvilon
Fedhas
Gozag
Hepliaklqana
Kikubaaqudgha
Lugonu
Makhleb
Nemelex Xobeh
Okawaru
Qazlal
Ru
Sif Muna
Trog
Uskayaw
Vehumet
Wu Jian
Xom
Yredelemnul
Zin
The Shining One

Annotations:
D:2 Grinder


Innate Abilities, Weirdness & Mutations

You have razor-sharp teeth.
You are resistant to hostile enchantments. (MR+)
Your natural rate of healing is unusually fast.
Your bite disrupts and absorbs the magic of your enemies.
Potions cannot restore your health.
You are immune to rotting.
Your bites deal extra damage.


Message History

You hit something. Your bite misses something.
You hear some strange, mumbled words.
A magic dart appears from out of thin air!
The magic dart hits you!
You closely miss something. Something hits you but does no damage.
You barely miss something. Your bite misses something.
Something hits you but does no damage.
You hit something. You miss something. You bite something. You hit something.
Your bite misses something. Something completely misses you.
You completely miss something. You bite something.
You hit something but do no damage. You bite something!
Dithmenos accepts your kill.
Reactivating autopickup.
You feel a bit more experienced.
Things that are here:
a +0 dagger; a +0 robe; a bullfrog corpse You butcher the bullfrog corpse.
A - 2 chunks of flesh (gained 1)
Things that are here:
a +0 dagger; a +0 robe; a bullfrog skeleton
There is a stone staircase leading down here.
You start resting.
HP restored.
You climb downwards.
There is a stone staircase leading up, spattered with blood here.
An orc comes into view.
The orc shouts!
An orc is nearby!
An orc wizard comes into view. It is wielding a +0 dagger.
The orc wizard shouts!
You hit the orc but do no damage. Your bite misses the orc. The orc misses you.
Put on which piece of jewellery? (? for menu, Esc to quit)
Okay, then.
You hit the orc but do no damage. The orc closely misses you.
You hit the orc. You bite the orc, but do no damage.
The orc is heavily wounded.
The orc closely misses you.
You barely miss the orc.
The orc is heavily wounded.
The orc wizard looks satisfied for a moment.
You hit the orc but do no damage.
The orc is heavily wounded.
The orc misses you.
You hit the orc. Your bite misses the orc.
The orc is severely wounded.
The orc misses you.
The orc wizard hits you but does no damage.
You hit the orc.
You kill the orc!
Dithmenos accepts your kill.
You hit the orc wizard. Your bite misses the orc wizard.
The orc wizard is lightly wounded.
The orc wizard closely misses you.
You hit the orc wizard.
You bite the orc wizard, but do no damage.
The orc wizard is lightly wounded.
The orc wizard gestures wildly while chanting.
The orc wizard flickers and vanishes!
Deactivating autopickup; reactivate with Ctrl-A.
No target in view!
No target in view!
No target in view!
You hit something. Something hits you but does no damage.
You hit something but do no damage. Your bite misses something.
You hit something. You bite something. You drain its magic.
Something closely misses you.
You hit something. Dithmenos accepts your kill.
Reactivating autopickup.
You feel a bit more experienced.
J - a scroll labeled GOSMIOKIMI
Things that are here:
a +0 dagger; a +0 robe; an orc corpse You butcher the orc corpse.
A - 3 chunks of flesh (gained 1)
Things that are here:
a +0 dagger; a +0 robe; an orc skeleton Inscribe which item? (? for menu, Esc to quit)
You don't have any such object.
Inscribe which item? (? for menu, Esc to quit)
Okay, then.
Unknown command.
Put on which piece of jewellery? (? for menu, Esc to quit)
You're wearing all the rings you can.
Remove which one? (? for menu, Esc to cancel) < or
n - a ring of poison resistance; > or
v - a +2 ring of dexterity You remove your +2 ring of dexterity.
You feel clumsy.
I - a ring of protection from magic (right hand) Put on which piece of jewellery? (? for menu, Esc to quit)
Okay, then.
Unknown command.
Put on which piece of jewellery? (? for menu, Esc to quit)
Okay, then.
Are you sure you want to abandon this character and quit the game? (Confirm with "yes".)
Okay, then.
Search for what [Enter for "arrow", or ? for help]?
Okay, then.
Are you sure you want to abandon this character and quit the game? (Confirm with "yes".)

#. .... ..#.#
#.###.## #.#.# #
#.....###.#.# .##
#.#........## ..#
##.........^#
#.###.#...#####.#
#.#.<..รท.# .#
#.#####.##....# ..
........@.....#
.##
#.......[..#..# ?#
######.#.###....
#.##[#......
....F...=.........
#.{.$...##.#######
..####### .# .. #.


There were no monsters in sight!

Vanquished Creatures
  A phantom (D:4)
  2 ogres
  3 bullfrogs
  A crimson imp (D:3)
  A quasit (D:4)
  2 orc priests (D:3)
  5 orc wizards
  Natasha (D:5)
  3 worker ants
  A hound skeleton (D:4)
  8 adders
  5 river rats
  4 oozes
  An adder skeleton (D:5)
  3 worms
  2 dart slugs
  4 leopard geckos
  26 orcs
  17 ball pythons
  5 bats
  5 giant cockroaches
  9 goblins
  10 hobgoblins
  16 jackals
  3 quokkas
  7 frilled lizards
  9 kobolds
  27 rats
181 creatures vanquished.

Vanquished Creatures (collateral kills)
  A ball python (Sewer)
  A frilled lizard (Sewer)
2 creatures vanquished.

Vanquished Creatures (others)
  A worm (D:3)
  A dart slug (D:3)
2 creatures vanquished.

Grand Total: 185 creatures vanquished

Notes
Turn   | Place    | Note
-------+----------+-------------------------------------------
     0 | D:1      | MisterOstroum the Vine Stalker Rogue began the quest for
                  | the Orb.
     0 | D:1      | Reached XP level 1. HP: 12/12 MP: 3/3
   131 | D:1      | Reached XP level 2. HP: 15/18 MP: 4/4
   410 | D:1      | Reached XP level 3. HP: 7/23 MP: 5/5
  1178 | D:2      | Reached skill level 6 in Stealth
  1246 | D:2      | Reached XP level 4. HP: 22/28 MP: 6/6
  1633 | D:2      | Reached skill level 1 in Dodging
  2065 | D:2      | Reached XP level 5. HP: 27/32 MP: 6/8
  2299 | D:3      | Noticed Grinder
  2310 | D:3      | Paralysed by Grinder for 2 turns
  2558 | D:3      | Gained mutation: You have razor-sharp teeth. [Vine Stalker
                  | growth]
  2558 | D:3      | Reached XP level 6. HP: 19/37 MP: 9/9
  2565 | D:3      | Noticed Natasha
  2657 | D:3      | Found a glowing drain.
  2665 | Sewer    | Entered a sewer
  3050 | Sewer    | Reached skill level 7 in Stealth
  3137 | Sewer    | Reached XP level 7. HP: 41/41 MP: 10/10
  4215 | D:4      | Found a staircase to the Ecumenical Temple.
  4224 | Temple   | Entered the Ecumenical Temple
  4300 | Temple   | Became a worshipper of Dithmenos the Shadowed
  4512 | D:3      | Gained mutation: Your bite disrupts and absorbs the magic
                  | of your enemies. [Mana Stalker growth]
  4512 | D:3      | Gained mutation: You are resistant to hostile enchantments.
                  | (MR+) [Mana Stalker growth]
  4512 | D:3      | Reached XP level 8. HP: 42/48 MP: 10/11
  4857 | D:4      | Found a white marble altar of Elyvilon.
  4864 | D:4      | Found a glowing golden altar of the Shining One.
  4871 | D:4      | Found a radiant altar of Vehumet.
  4878 | D:4      | Found a hide-covered altar of Uskayaw.
  4885 | D:4      | Found a burning altar of Makhleb.
  4892 | D:4      | Found an iron altar of Okawaru.
  4897 | D:4      | Found a stormy altar of Qazlal.
  4946 | D:5      | Entered Level 5 of the Dungeon
  4985 | D:5      | Killed Natasha
  4985 | D:5      | Reached skill level 5 in Short Blades
  5082 | D:5      | Quit the game

Skill      XL: |  1  2  3  4  5  6  7  8 |
---------------+-------------------------+-----
Fighting       | 2 3 4 |  4.3
Evocations     | 2 3 |  3.6
Short Blades   | 2 3 4 5 |  5.1
Stealth        | 6 7 |  7.8
Dodging        | 1 3 4 |  4.1

Action                   |  1- 3 |  4- 6 |  7- 9 || total
-------------------------+-------+-------+-------++-------
Melee: Dagger            |   132 |   278 |   287 ||   697
       Bite              |    10 |    27 |    54 ||    91
 Fire: Blowgun           |     4 |    39 |    24 ||    67
       Shortbow          |       |       |    11 ||    11
Throw: Stone             |       |    77 |    34 ||   111
Evoke: Wand              |     1 |    15 |       ||    16
  Use: Scroll            |       |     7 |       ||     7
 Stab: Sleeping          |     4 |     8 |     3 ||    15
       Distracted        |       |     1 |     1 ||     2
  Eat: Chunk             |     1 |     3 |     7 ||    11
       Ration            |       |     1 |       ||     1
Armor: Robe              |    43 |     9 |       ||    52
       Leather armour    |       |    66 |    84 ||   150
Dodge: Dodged            |   126 |   173 |   194 ||   493
